 Dungeon Crawl Stone Soup version 0.28-a0-1435-g82390b3a13 (webtiles) character file.

Game seed: 15240934036600615249

97 funkygono the Firebug (level 4, -5/25 HPs)
             Began as a Gargoyle Fire Elementalist on Jan 9, 2022.
             Killed from afar by an orc wizard (7 damage)
             ... with a puff of flame
             ... on level 3 of the Dungeon.
             The game lasted 00:07:37 (2334 turns).

funkygono the Firebug (Gargoyle Fire Elementalist)  Turns: 2334, Time: 00:07:39

Health: -5/25      AC:  7    Str: 12    XL:     4   Next: 68%
Magic:  1/8        EV: 12    Int: 20    God:
Gold:   19         SH:  0    Dex: 10    Spells: 3/9 levels left

rFire   . . .      SeeInvis .   h - +0 whip
rCold   . . .      Faith    .   (no shield)
rNeg    + . .      Spirit   .   a - +0 robe
rPois   ∞          Reflect  .   f - +1 helmet {Int+3}
rElec   +          Harm     .   (no cloak)
rCorr   .          Rampage  .   (no gloves)
Will    .....                   (no boots)
Stlth   ++........              (no amulet)
HPRegen 0.08/turn               (no ring)
MPRegen 0.11/turn               (no ring)

@: no status effects
A: sickness immunity, AC +3, negative energy resistance 1, electricity
resistance, torment resistance 1, petrification resistance
a: no special abilities


You were on level 3 of the Dungeon.
You visited 1 branch of the dungeon, and saw 3 of its levels.

You collected 19 gold pieces.

Inventory:

Hand Weapons
 h - a +0 whip (weapon)
Missiles
 e - 53 stones
Armour
 a - a +0 robe (worn)
 f - a +1 helmet of intelligence (worn)
 g - a +1 ring mail of willpower
Potions
 i - a potion of might {unknown}
 j - a potion of heal wounds {unknown}
 k - 2 potions of mutation {unknown}


   Skills:
 + Level 1.4 Fighting
 + Level 1.7 Dodging
 - Level 2.1 Stealth
 * Level 3.0 Spellcasting
 * Level 1.6 Conjurations
 * Level 4.0 Fire Magic


You had 3 spell levels left.
You knew the following spells:

 Your Spells              Type           Power      Damage    Failure   Level
a - Foxfire               Conj/Fire      56%        2x1d6     4%          1
b - Scorch                Fire           38%        2d7       4%          2
c - Conjure Flame         Conj/Fire      14%        6-21      14%         3

Your spell library contained the following spells:

 Spells                   Type           Power      Damage    Failure   Level
 Inner Flame              Hex/Fire       11%        N/A       19%         3
 Flame Wave               Conj/Fire      14%        2d5       41%         4


Dungeon Overview and Level Annotations

Branches:
Dungeon (3/15)

Altars:

Shops:
D:1 (


Innate Abilities, Weirdness & Mutations

You are immune to sickness and miasma.
Your stone body is resilient. (AC +3)
You are immune to poison.
You resist negative energy. (rN+)
You are resistant to electric shocks. (rElec)
You are resistant to unholy torment.
You are immune to petrification.


Message History

You kill the orc!
You see here a giant cockroach corpse.
A magic dart appears from out of thin air!
The magic dart hits you but does no damage.
A magic dart appears from out of thin air!
The magic dart hits you!
Casting: Foxfire (safe; 4% risk of failure)
Confirm with . or Enter, or press ? or * to list all spells.
You conjure some foxfire!
The foxfire hits something.
Casting: Foxfire (safe; 4% risk of failure)
Confirm with . or Enter, or press ? or * to list all spells.
You conjure some foxfire!
The foxfire hits something but does no damage.
Casting: Foxfire (safe; 4% risk of failure)
Confirm with . or Enter, or press ? or * to list all spells.
You conjure some foxfire!
The foxfire hits something but does no damage. x2
Something hits you but does no damage.
Casting: Foxfire (safe; 4% risk of failure)
Confirm with . or Enter, or press ? or * to list all spells.
You conjure some foxfire!
The foxfire hits something but does no damage.
The foxfire hits something.
Something hits you.
* * * LOW HITPOINT WARNING * * *
Unknown command.
Casting: Foxfire (safe; 4% risk of failure)
Confirm with . or Enter, or press ? or * to list all spells.
You conjure some foxfire!
The foxfire hits something. x2
You hear some strange, mumbled words.
A magic dart appears from out of thin air!
The magic dart hits you.
* * * LOW HITPOINT WARNING * * *
Casting: Foxfire (safe; 4% risk of failure)
Confirm with . or Enter, or press ? or * to list all spells.
You conjure some foxfire!
The foxfire hits something.
The foxfire hits something but does no damage.
You hear some strange, mumbled words.
A puff of flame appears from out of thin air!
The puff of flame hits you!
You die...

#.#.##..########
#..............+..
###.###..#######. #.#
#..#...... #.#
#.<##.#..# #.#
#..##.#..# #.#
#.....#..# ###
#.###......§§##... ##
#...........@v#.#....
###########.{v....#
####.#.### #....#.#
#.####.## #.# ..#
#.o..#.# #.# #....#.#
#.# #....#†# #.#


There were no monsters in sight!

Vanquished Creatures
  An orc wizard (D:2)
  An adder (D:2)
  A worm (D:2)
  A dart slug (D:1)
  6 orcs
  3 ball pythons
  An endoplasm (D:1)
  3 giant cockroaches
  6 goblins
  2 hobgoblins (D:1)
  3 quokkas
  2 frilled lizards
  3 kobolds (D:2)
  23 rats
56 creatures vanquished.

Vanquished Creatures (others)
  164 foxfires
164 creatures vanquished.

Grand Total: 220 creatures vanquished

Notes
Turn   | Place    | Note
-------+----------+-------------------------------------------
     0 | D:1      | funkygono the Gargoyle Fire Elementalist began the quest
                  | for the Orb.
     0 | D:1      | Reached XP level 1. HP: 10/10 MP: 3/3
   108 | D:1      | Found a faded altar of an unknown god.
   117 | D:1      | Reached XP level 2. HP: 11/15 MP: 1/5
   157 | D:1      | Learned a level 2 spell: Scorch
   279 | D:1      | Found Ymilol's Weapon Shop.
   830 | D:2      | Reached XP level 3. HP: 19/19 MP: 2/6
   834 | D:2      | Learned a level 3 spell: Conjure Flame
  1597 | D:2      | Reached skill level 1 in Fighting
  1597 | D:2      | Reached XP level 4. HP: 21/25 MP: 1/7
  2294 | D:3      | Reached skill level 4 in Fire Magic
  2334 | D:3      | Killed from afar by an orc wizard

Illustrated notes

Levels and vault maps discovered:
D:1:      dpeg_arrival_orchard, layout_rooms, serial_shops,
          nicolae_diamond_shop, hellmonk_ecumenical_altar_arch_garden
D:2:      layout_rooms, minmay_rat_hole
D:3:      layout_basic, corner_web_ring, uniq_grinder

Skill      XL: |  1  2  3  4 |
---------------+-------------+-----
Fighting       | 1 |  1.4
Spellcasting   | 3 |  3.0
Fire Magic     | 4 |  4.0
Dodging        | |  1.7
Stealth        | |  2.1
Conjurations   | |  1.6

Action                   |  1- 3 |  4- 6 || total
-------------------------+-------+-------++-------
Melee: Club              |     9 |       ||     9
       Whip              |     5 |    15 ||    20
 Cast: Foxfire           |    66 |    29 ||    95
       Scorch            |     3 |     1 ||     4
       Conjure Flame     |     1 |       ||     1
  Use: Scroll            |       |     4 ||     4
 Stab: Sleeping          |       |     1 ||     1
Armor: Robe              |     5 |     7 ||    12
Dodge: Dodged            |    10 |    12 ||    22

Table legend: (Time is in decaauts)
 A = Elapsed time spent in this place.
 B = Non-inter-level travel time spent in this place.
 C = Inter-level travel time spent in this place.
 D = Time resting spent in this place.
 E = Time spent auto-exploring this place.
 F = Levels seen in this place.
 G = Mean time per level.
                   A        B        C        D        E       F      G
               +--------+--------+--------+--------+--------+-----+--------+
         Total |   2340 |   2297 |     43 |   1059 |    217 |   3 |  780.0 |
       Dungeon |   2340 |   2297 |     43 |   1059 |    217 |   3 |  780.0 |
               +--------+--------+--------+--------+--------+-----+--------+

Top non-repeatable levels by time:
     D:1: 1195 daAuts
     D:2: 1031 daAuts
     D:3: 113 daAuts
